 Dungeon Crawl Stone Soup version 0.31.0-32-g396128a36d (webtiles) character file.

Game seed: 8927334998015485447

17443 DildoBatman the Geomancer (level 12, -2/87 HPs)
             Began as a Formicid Conjurer on Apr 20, 2024.
             Was an Initiate of Gozag.
             Slain by an orc knight simulacrum (20 damage)
             ... on level 1 of the Orcish Mines.
             The game lasted 01:02:17 (13430 turns).

DildoBatman the Geomancer (Formicid Conjurer)      Turns: 13430, Time: 01:02:17

Health: -2/87      AC: 11    Str: 14      XL:     12   Next: 82%
Magic:  14/23      EV: 11    Int: 24 (29) God:    Gozag
Gold:   31         SH: 12    Dex: 12      Spells: 2/25 levels left

rFire   . . .        a - +5 long sword of Foolhardiness {flame, rPois rCorr}
rCold   . . .        k - +2 kite shield {rN+}
rNeg    + . .        J - +2 troll leather armour
rPois   +            (helmet unavailable)
rElec   .            (no cloak)
rCorr   +            y - +0 pair of gloves "Eggul" {Str+2}
SInv    +            g - +2 pair of boots
Will    +....        (no amulet)
Stlth   ++           Q - +6 ring of intelligence
HPRegen 1.14/turn    r - ring of wizardry
MPRegen 0.18/turn

%: wizardry (x1)
@: studying Armour
A: permanent stasis, dig shafts and tunnels, antennae 3, four strong arms
a: Dig, Shaft Self, Renounce Religion, Potion Petition, Call Merchant, Bribe
Branch


You were on level 1 of the Orcish Mines.
You worshipped Gozag.
Gozag was noncommittal.
You visited 4 branches of the dungeon, and saw 14 of its levels.
You also visited: Bailey.

You collected 940 gold pieces.
You spent 464 gold pieces at shops.
You paid 445 gold pieces to Gozag.

Inventory:

Hand Weapons
 a - the +5 long sword of Foolhardiness (weapon) {flame, rPois rCorr}
   (You found it on level 1 of the Lair of Beasts)

   rPois:     It protects you from poison rCorr: It protects you from acid and
   corrosion.
 c - a +0 shortbow
 d - a +4 scimitar of flaming
 e - a +5 trident
 w - the +1 short sword "Rusek" {freeze, Will- rCorr Dex+7 Stlth+}
   (You took it off an orc priest on level 3 of the Dungeon)

   Dex+7:     It affects your dexterity (+7).
   Will-:     It decreases your willpower.
   rCorr:     It protects you from acid and corrosion.
   Stlth+:    It makes you more stealthy.
Missiles
 m - 9 poisoned darts
 E - 6 curare-tipped darts (quivered)
Armour
 g - a +2 pair of boots (worn)
 k - a +2 kite shield of positive energy (worn)
 y - the +0 pair of gloves "Eggul" (worn) {Str+2}
   (You found it in a bailey)

   Str+2:     It affects your strength (+2).
 J - a +2 troll leather armour (worn)
Jewellery
 l - the ring "Ryaju" {Ice Int+3}
   (You found it on level 8 of the Dungeon)

   [ring of ice]

   Ice:       It enhances your ice magic.
   Int+3:     It affects your intelligence (+3).
   rF-:       It makes you vulnerable to fire.
   rC+:       It protects you from cold.
 r - a ring of wizardry (right hand)
 t - an amulet of guardian spirit
 K - a ring of poison resistance
 L - a ring of ice
 Q - a +6 ring of intelligence (left hand)
Wands
 n - a wand of paralysis (10)
 p - a wand of roots (4)
 A - a wand of digging (5)
Scrolls
 f - 4 scrolls of teleportation {unknown}
 i - a scroll of torment {unknown}
 j - a scroll of noise {unknown}
 q - 3 scrolls of immolation
 s - 4 scrolls of amnesia {unknown}
 x - 2 scrolls of fog
 z - a scroll of identify
 C - a scroll of revelation
 G - a scroll of brand weapon {unknown}
 H - a scroll of silence {unknown}
 I - a scroll of fear {unknown}
 N - a scroll of poison {unknown}
Potions
 b - a potion of magic
 h - 3 potions of resistance {unknown}
 u - 4 potions of lignification
 v - a potion of degeneration {unknown}
 B - a potion of cancellation {unknown}
 D - 2 potions of enlightenment
 F - 3 potions of might {unknown}
 M - 4 potions of haste {unknown}
 O - 2 potions of attraction {unknown}
 P - a potion of curing


   Skills:
 - Level 5.6 Fighting
 * Level 10.3 Armour
 - Level 3.6 Dodging
 - Level 4.0 Stealth
 - Level 9.0 Shields
 - Level 7.4 Spellcasting
 - Level 5.4 Conjurations
 - Level 9.0 Necromancy
 - Level 1.2 Air Magic
 * Level 11.9 Earth Magic
 - Level 2.1 Alchemy


You had 2 spell levels left.
You knew the following spells:

 Your Spells              Type           Power      Damage    Failure   Level
a - Borgnjor's Vile Clut  Necr/Erth      28%        N/A       3%          5
b - Stone Arrow           Conj/Erth      100%       3d13      1%          3
c - Sandblast             Erth           100%       2d20      1%          1
d - Vampiric Draining     Necr           51%        2d9       1%          3
e - Mephitic Cloud        Conj/Alch/Air  22%        N/A       8%          3
f - Magic Dart            Conj           100%       1d8       1%          1
g - Searing Ray           Conj           70%        2d7       1%          2
h - Passwall              Erth           60%        N/A       1%          3
z - Sublimation of Blood  Necr           51%        N/A       1%          2

Your spell library contained the following spells:

 Spells                   Type           Power      Damage    Failure   Level
 Necrotise                Necr           100%       1d9       1%          1
 Sting                    Conj/Alch      100%       1d9       1%          1
 Cigotuvi's Dreadful Rot  Necr/Alch/Air  56%        N/A       2%          2
 Mercury Vapours          Alch/Air       32%        N/A       6%          2
 Jinxbite                 Hex            16%        N/A       12%         2
 Brom's Barrelling Bould  Conj/Erth      50%        2d7       2%          4
 Curse of Agony           Necr           51%        N/A       6%          5
 Dazzling Flash           Conj/Hex       42%        N/A       9%          3
 Martyr's Knell           Necr/Summ      30%        N/A       13%         4
 Fulminant Prism          Conj/Alch      13%        3d9       17%         4
 Ozocubu's Armour         Ice            8%         N/A       24%         3
 Tukima's Dance           Hex            8%         N/A       24%         3
 Volatile Blastmotes      Fire/Tloc      16%        2d11      24%         3
 Iskenderun's Mystic Bla  Conj/Tloc      21%        2d6       26%         4
 Death Channel            Necr           25%        N/A       30%         6
 Olgreb's Toxic Radiance  Alch           19%        N/A       32%         4
 Dimensional Bullseye     Hex/Tloc       4%         N/A       58%         4
 Freezing Cloud           Conj/Ice/Air   9%         6-21      65%         5
 Yara's Violent Unravell  Hex/Alch       7%         3d5       78%         5
 Metabolic Englaciation   Hex/Ice        4%         N/A       89%         5
 Summon Forest            Summ/Tloc      4%         N/A       89%         5
 Summon Mana Viper        Hex/Summ       8%         N/A       89%         5
 Conjure Ball Lightning   Conj/Air       12%        3x3d6     95%         6
 Sculpt Simulacrum        Ice/Alch       7%         N/A       100%        6
 Summon Cactus Giant      Summ           4%         N/A       100%        6
 Enfeeble                 Hex            4%         N/A       100%        7
 Animate Dead             Necr           Unusable   N/A       N/A         4

Dungeon Overview and Level Annotations

Branches:
Dungeon (10/15)            Temple (1/1) D:7            Lair (1/5) D:9
    Orc (2/2) D:9             Elf (0/3) Orc:2        Bailey (visited)

Altars:
Ashenzari
Cheibriados
Dithmenos
Elyvilon
Fedhas
Gozag
Hepliaklqana
Kikubaaqudgha
Makhleb
Nemelex Xobeh
Okawaru
Qazlal
Ru
Sif Muna
Uskayaw
Vehumet
Wu Jian
Xom
Yredelemnul
Zin
The Shining One

Shops:
D:5 :   D:9 !?

Annotations:
D:3 exclusion: hellwing


Innate Abilities, Weirdness & Mutations

You cannot be hasted, slowed, berserked, paralysed or teleported.
You can dig through walls and to a lower floor.
You have a pair of large antennae on your head. (SInv)
Your four strong arms can wield two-handed weapons with a shield.


Message History

The orc knight is distracted by your dazzling golden aura.
You slash the orc knight! You burn the orc knight.
The orc knight is no longer distracted by gold.
The orc knight is heavily wounded.
You block the orc knight's attack.
Casting: Borgnjor's Vile Clutch (dangerous; 3% risk of failure)
Confirm with . or Enter, or press ? or * to list all spells.
Aiming: Borgnjor's Vile Clutch (dangerous; 3% risk of failure)
Press: ? - help, Shift-Dir - straight line, f/p - orc knight
Aim: an orc knight, wielding a +3 great sword and wearing a +0 plate armour (heavily wounded, 100% to hit)
Zombie hands grab the orc knight.
The zombie hands constrict the orc knight.
The orc knight hits you with a +3 great sword.
You hit the orc knight but do no damage.
The orc knight is heavily wounded.
The zombie hands constrict the orc knight, but do no damage.
The orc knight barely misses you. x2
You slash the orc knight! You burn the orc knight.
The orc knight is severely wounded.
The zombie hands constrict the orc knight.
The orc knight hits you with a +3 great sword!
The orc knight hits you with a +3 great sword.
You slash the orc knight! You burn the orc knight!
You kill the orc knight!
Kikubaaqudha cackles.
An orc knight simulacrum comes into view.
You slash the orc knight simulacrum!
You melt the orc knight simulacrum!
The orc knight simulacrum is severely damaged.
The orc knight simulacrum hits you! The orc knight simulacrum freezes you!
You completely miss the orc knight simulacrum.
The orc knight simulacrum is severely damaged.
The orc knight simulacrum hits you! The orc knight simulacrum freezes you!!
You die...
Your body crumbles into a pile of gold.

####### ###### #############
##.##..###.##.####.##.#...#..##
##...............#.............##
#....................#.....#..#.#
##...............Z..#.......#....
###...........)@)..............#
##............).............[...
#............[.......[.......#.#
##........[........###......#.##
##.##...#.......#####.....#...#
#####....#...####........#...#
##....#####........<......
###.###.#................
####........#..........


You could see an orc knight simulacrum.

Vanquished Creatures
  Erica (D:9)
  A two-headed ogre (D:9)
  The ghost of Gabide the Destroyer, a novice DrCj of Vehumet (D:8)
  3 orc knights
  A black mamba (Lair:1)
  A gargoyle (Bailey)
  A rime drake (D:9)
  4 cane toads (Lair:1)
  2 komodo dragons (Lair:1)
  6 trolls
  A polar bear (Lair:1)
  2 hornets
  2 wyverns (Lair:1)
  2 wraiths
  2 vampires
  17 yaks
  Eustachio (D:4)
  2 basilisks (Lair:1)
  2 steam dragons
  A water moccasin (D:8)
  Duvessa (D:5)
  2 sky beasts
  A black bear (D:7)
  3 ice beasts (D:9)
  10 orc warriors
  4 centaurs
  3 ogres
  3 wolves (D:9)
  A phantom (D:5)
  A kobold brigand (D:9)
  9 bullfrogs
  5 gnoll sergeants
  2 scorpions (D:5)
  4 wights
  Dowan (D:5)
  3 killer bees (D:8)
  A howler monkey (D:6)
  9 vampire bats (Bailey)
  7 wolf zombies (Bailey)
  3 bombardier beetles (D:4)
  2 hounds
  2 jellies (D:8)
  12 orc priests
  3 sleepcaps
  A gnoll bouda (D:8)
  An iguana (D:7)
  7 orc wizards
  4 adders
  9 gnolls
  A dart slug (D:2)
  A ribbon worm (D:4)
  45 orcs
  An endoplasm (D:3)
  A giant cockroach (D:2)
  7 goblins
  7 hobgoblins
  6 jackals
  2 quokkas
  7 ball pythons
  3 bats
  5 frilled lizards
  9 kobolds
  19 orc zombies
  4 rats
285 creatures vanquished.

Vanquished Creatures (collateral kills)
  2 gnoll sergeants (D:8)
  6 gnolls (D:8)
8 creatures vanquished.

Grand Total: 293 creatures vanquished

Notes
Turn   | Place    | Note
-------+----------+-------------------------------------------
     0 | D:1      | DildoBatman the Formicid Conjurer began the quest for the
                  | Orb.
     0 | D:1      | Reached XP level 1. HP: 13/13 MP: 3/3
   428 | D:1      | Reached XP level 2. HP: 19/19 MP: 3/5
   431 | D:1      | Learned a level 2 spell: Searing Ray
   581 | D:1      | Found a faded altar of an unknown god.
  1202 | D:2      | Reached XP level 3. HP: 25/25 MP: 1/6
  1586 | D:2      | Reached skill level 1 in Armour
  1811 | D:3      | Found a burning altar of Makhleb.
  1811 | D:3      | Noticed a blizzard demon
  1815 | D:3      | Noticed a hellwing
  1815 | D:3      | Noticed a hellwing
  2109 | D:3      | Reached skill level 1 in Fighting
  2115 | D:3      | Identified the +1 short sword "Rusek" {freeze, Will- rCorr
                  | Dex+7 Stlth+}
  2155 | D:3      | HP: 1/26 [orc priest/nerve-wracking pain (11)]
  2157 | D:3      | Reached XP level 4. HP: 2/32 MP: 1/7
  2463 | D:3      | Reached XP level 5. HP: 37/37 MP: 3/9
  3072 | D:4      | Learned a level 1 spell: Sandblast
  3076 | D:4      | Learned a level 3 spell: Stone Arrow
  3183 | D:4      | Identified the +1 robe "Hybro" {Will+ MP-9 Int+6 Archmagi}
  3212 | D:4      | Found a hide-covered altar of Uskayaw.
  3324 | D:4      | Reached XP level 6. HP: 44/44 MP: 7/10
  3532 | D:4      | Reached skill level 1 in Earth Magic
  3640 | D:4      | Noticed an ogre
  3717 | D:5      | Entered Level 5 of the Dungeon
  3761 | D:5      | Reached skill level 2 in Earth Magic
  3761 | D:5      | Reached XP level 7. HP: 31/51 MP: 6/12
  3823 | D:5      | Found Fififear's Book Boutique.
  3875 | D:5      | Found a broken altar of Ashenzari.
  4020 | D:5      | Noticed Eustachio
  4035 | D:5      | Reached skill level 3 in Earth Magic
  4125 | D:5      | Noticed Dowan
  4265 | D:5      | Found a glowing silver altar of Zin.
  4439 | D:5      | Noticed Duvessa
  4442 | D:5      | Found a hazy altar of Hepliaklqana.
  4623 | D:5      | Found a basalt altar of Yredelemnul.
  4700 | D:7      | Noticed a steam dragon
  4837 | D:6      | Killed a steam dragon
  4838 | D:6      | Reached XP level 8. HP: 36/58 MP: 2/13
  4918 | D:7      | Reached skill level 4 in Earth Magic
  5028 | D:7      | Found a staircase to the Ecumenical Temple.
  5041 | Temple   | Entered the Ecumenical Temple
  5051 | Temple   | Became a worshipper of Kikubaaqudgha
  5124 | D:4      | Killed Eustachio
  5276 | D:4      | Reached skill level 5 in Earth Magic
  5444 | D:5      | Killed Dowan
  5500 | D:5      | Killed Duvessa
  5501 | D:5      | Reached skill level 5 in Conjurations
  5605 | D:6      | Learned a level 3 spell: Mephitic Cloud
  5616 | D:6      | Learned a level 3 spell: Vampiric Draining
  6217 | D:6      | Noticed a wraith
  6229 | D:6      | Killed a wraith
  6230 | D:6      | Reached skill level 6 in Earth Magic
  6230 | D:6      | Reached XP level 9. HP: 54/66 MP: 0/16
  6434 | D:7      | Found an opulent altar of Gozag.
  6435 | D:7      | Found a sacrificial altar of Ru.
  6592 | D:7      | Reached skill level 5 in Spellcasting
  6703 | D:7      | Reached skill level 5 in Fighting
  6703 | D:7      | Reached skill level 5 in Armour
  6703 | D:7      | Reached skill level 7 in Earth Magic
  6915 | D:7      | Reached skill level 1 in Shields
  7071 | D:7      | Reached * piety under Kikubaaqudgha
  7071 | D:7      | Received a gift from Kikubaaqudgha
  7075 | D:7      | Learned a level 2 spell: Sublimation of Blood
  7400 | D:8      | Reached skill level 8 in Earth Magic
  7408 | D:8      | Found a blossoming altar of Fedhas.
  7465 | D:8      | Reached skill level 1 in Necromancy
  7562 | D:8      | Noticed a hornet
  7570 | D:8      | Killed a hornet
  7571 | D:8      | Reached XP level 10. HP: 63/74 MP: 14/19
  7580 | D:8      | Found a transporter.
  7589 | D:8      | Identified the +0 kite shield of Decompression {rN+ Int+2}
  7589 | D:8      | Noticed Gabide's ghost (novice DrCj)
  7644 | D:8      | Found a transporter.
  7800 | D:8      | Reached skill level 5 in Shields
  8463 | D:9      | Found Vucwys's Distillery.
  8465 | D:9      | Noticed Erica
  8498 | D:9      | Killed Erica
  8499 | D:9      | Reached skill level 1 in Alchemy
  8499 | D:9      | Noticed a rime drake
  8517 | D:9      | Killed a rime drake
  8518 | D:9      | Reached skill level 1 in Air Magic
  8519 | D:9      | Reached skill level 5 in Necromancy
  8566 | D:9      | Found Pipetaco's Magic Scroll Boutique.
  8574 | D:9      | Bought a scroll of summoning for 142 gold pieces
  8651 | D:9      | Reached ** piety under Kikubaaqudgha
  8714 | D:9      | Found a flagged portal.
  8752 | Bailey   | Entered a bailey
  8939 | Bailey   | Reached XP level 11. HP: 80/80 MP: 17/22
  9155 | Bailey   | Reached *** piety under Kikubaaqudgha
  9155 | Bailey   | Received a gift from Kikubaaqudgha
  9167 | Bailey   | Learned a level 5 spell: Borgnjor's Vile Clutch
  9171 | Bailey   | Learned a level 3 spell: Passwall
  9224 | Bailey   | Identified the +4 leather armour of New Discoveries {Int+3}
  9306 | Bailey   | Identified the +0 pair of gloves "Eggul" {Str+2}
  9509 | D:9      | Noticed a two-headed ogre
  9589 | D:9      | Killed a two-headed ogre
  9714 | D:9      | Reached skill level 9 in Earth Magic
  9823 | D:9      | Found a staircase to the Orcish Mines.
  9892 | D:9      | Bought a potion of heal wounds for 60 gold pieces
  9920 | D:9      | Found a staircase to the Lair.
 10190 | D:9      | Reached **** piety under Kikubaaqudgha
 10222 | D:9      | Bought a scroll of enchant armour for 112 gold pieces
 10222 | D:9      | Bought a scroll of immolation for 60 gold pieces
 10222 | D:9      | Bought a scroll of identify for 30 gold pieces
 10222 | D:9      | Bought a scroll of fog for 60 gold pieces
 10743 | D:8      | Killed Gabide's ghost
 10744 | D:8      | Reached skill level 10 in Earth Magic
 10757 | D:8      | Identified the ring "Ryaju" {Ice Int+3}
 10762 | D:8      | Got the Book of the Doomed Volley
 10864 | D:10     | Entered Level 10 of the Dungeon
 11199 | Orc:1    | Entered Level 1 of the Orcish Mines
 11199 | Orc:1    | Noticed an orc knight
 11373 | Lair:1   | Entered Level 1 of the Lair of Beasts
 11403 | Lair:1   | Reached XP level 12. HP: 42/87 MP: 2/23
 11561 | Lair:1   | Identified the +5 long sword of Foolhardiness {flame, rPois
                  | rCorr}
 11948 | Lair:1   | Reached skill level 11 in Earth Magic
 12501 | D:9      | Reached ***** piety under Kikubaaqudgha
 12659 | Orc:2    | Entered Level 2 of the Orcish Mines
 12793 | Orc:2    | Found a staircase to the Elven Halls.
 13072 | D:7      | Fell from the grace of Kikubaaqudgha
 13072 | D:7      | Became a worshipper of Gozag Ym Sagoz the Greedy
 13422 | Orc:1    | Reached skill level 10 in Armour
 13430 | Orc:1    | Slain by an orc knight simulacrum

Illustrated notes

Levels and vault maps discovered:
D:1:      nagdon_arrival_zigzag_paths, layout_basic,
          hellmonk_ecumenical_altar_dog_temple
D:2:      layout_basic
D:3:      layout_loops_corners, makhleb_altar_promises_db
D:4:      layout_gridville, nicolae_uskayaw_dance_hall
D:5:      layout_basic, zin_scriptorium, mainiacjoe_overflow_swirl,
          amcnicky_altar_gilded, serial_shops, nicolae_shop_behind_doors,
          grunt_ministairs_12, uniq_eustachio, uniq_duvessa
D:6:      layout_basic, grunt_ministairs_14, chequers_serial_rivers_room_a
D:7:      minmay_evil_eye, layout_rooms, jmf_multi_god_temple,
          minmay_temple_entry_grid, minivault_25
D:8:      layout_rooms, lemuel_crystal_altar, gammafunk_ghost_gnarly_gnolls
D:9:      lemuel_troll_bridge, layout_basic, hellmonk_lair_entry_icy,
          serial_shops, shop, shop, enter_bailey_4, uniq_erica
D:10:     layout_loops_ring, tgw_trog
Temple:   chequers_temple_sunken
Lair:1:   layout_regular_city, grunt_megastairs_1
Orc:1:    layout_caves, nooodl_orcs_dogs
Orc:2:    st_orc_pillars, layout_caves, basic_altar

Skill      XL: |  1  2  3  4  5  6  7  8  9 10 11 12 |
---------------+-------------------------------------+-----
Dodging        | 2 3 |  3.6
Stealth        | 3 4 |  4.0
Armour         | 1 2 3 4 5 6 10 | 10.3
Fighting       | 1 2 3 4 5 |  5.6
Conjurations   | 4 5 |  5.4
Spellcasting   | 3 4 6 7 |  7.4
Earth Magic    | 2 3 6 8 10 11 | 11.9
Shields        | 4 5 8 9 |  9.0
Necromancy     | 1 5 7 9 |  9.0
Alchemy        | 2 |  2.1
Air Magic      | 1 |  1.2

Action                     |  1- 3 |  4- 6 |  7- 9 | 10-12 || total
---------------------------+-------+-------+-------+-------++-------
  Melee: Falchion          |    27 |    10 |     2 |       ||    39
         Short sword       |       |     9 |    51 |    24 ||    84
         Trident           |       |       |    31 |   217 ||   248
         Unarmed           |       |       |       |     3 ||     3
         Long sword        |       |       |       |   170 ||   170
   Cast: Magic Dart        |    67 |    22 |    12 |       ||   101
         Searing Ray       |     3 |    12 |    22 |    11 ||    48
         Sandblast         |       |       |    10 |     3 ||    13
         Stone Arrow       |       |       |    43 |    56 ||    99
         Vampiric Draining |       |       |     1 |     3 ||     4
         Mephitic Cloud    |       |       |       |    18 ||    18
         Borgnjor's Vile C |       |       |       |    61 ||    61
         Sublimation of Bl |       |       |       |    21 ||    21
Ability: Dig               |       |       |     1 |     3 ||     4
    Use: Scroll            |       |       |     7 |     5 ||    12
         Potion            |       |       |       |     8 ||     8
   Stab: Sleeping          |       |     5 |     3 |     4 ||    12
         Distracted        |       |       |       |     2 ||     2
         Confused          |       |       |       |     9 ||     9
 Armour: Robe              |    26 |    20 |    54 |       ||   100
         Steam dragon scal |       |       |   110 |   152 ||   262
         Skin              |       |       |       |    57 ||    57
         Leather armour    |       |       |       |    42 ||    42
         Troll leather arm |       |       |       |   163 ||   163
  Dodge: Dodged            |    25 |    17 |   152 |   307 ||   501
  Block: Buckler           |       |       |    12 |    45 ||    57
         Kite shield       |       |       |       |   257 ||   257
